 Dungeon Crawl Stone Soup version 0.27.1-34-g3ba077fa99 (webtiles) character file.

Game seed: 2880085328472003172

345 Hakkon the Covered (level 6, -9/46 (48) HPs)
             Began as a Human Fighter on Jan 5, 2022.
             Mangled by Crazy Yiuf (19 damage)
             ... on level 3 of the Dungeon.
             The game lasted 00:17:05 (2629 turns).

Hakkon the Covered (Human Fighter)                  Turns: 2629, Time: 00:17:06

HP:   -9/46 (48)    AC:  8    Str: 15 (17) XL:     6   Next: 89%
MP:   6/6           EV:  7    Int: 12 (14) God:
Gold: 104           SH:  9    Dex: 11 (14) Spells: 5/5 levels left

rFire    + . .     SeeInvis .   a - +0 war axe
rCold    x . .     Faith    .   c - +1 kite shield
rNeg     . . .     Spirit   .   b - +1 scale mail
rPois    .         Reflect  .   (no helmet)
rElec    .         Harm     .   o - scarf {repulsion}
rCorr    .         Rampage  .   (no gloves)
Will     .....                  (no boots)
Stlth    ..........             (no amulet)
HPRegen  0.15/turn              m - ring of fire
MPRegen  0.10/turn              t - +6 ring of intelligence

@: flying, lightly drained, repel missiles
A: no striking features
a: no special abilities


You were on level 3 of the Dungeon.
You visited 1 branch of the dungeon, and saw 3 of its levels.

You collected 104 gold pieces.

Inventory:

Hand Weapons
 a - a +0 war axe (weapon)
Missiles
 g - 18 sling bullets
 k - 6 silver boomerangs
 p - 8 boomerangs (quivered)
 s - 14 bolts
Armour
 b - a +1 scale mail (worn)
 c - a +1 kite shield (worn)
 o - a scarf of repulsion (worn)
Jewellery
 m - a ring of fire (left hand)
 t - a +6 ring of intelligence (right hand)
Scrolls
 f - a scroll of vulnerability
 h - 2 scrolls of teleportation
 j - a scroll of enchant weapon {unknown}
 q - a scroll of fog {unknown}
Potions
 e - a potion of cancellation


   Skills:
 + Level 3.7 Fighting
 + Level 3.6 Axes
 + Level 2.0 Throwing
 + Level 3.9 Armour
 + Level 2.7 Dodging
 + Level 0.2 Stealth
 + Level 3.6 Shields


You had 5 spell levels left.
You didn't know any spells.
Your spell library was empty.

Dungeon Overview and Level Annotations

Branches:
Dungeon (3/15)

Altars:

Annotations:
D:3 Crazy Yiuf


Message History

You are electrocuted!
You closely miss Crazy Yiuf.
Crazy Yiuf is lightly wounded.
You block Crazy Yiuf's attack.
You barely miss Crazy Yiuf.
Crazy Yiuf is lightly wounded.
Crazy Yiuf hits you with a +4 quarterstaff of chaos.
You are poisoned.
Crazy Yiuf waves his quarterstaff at you.
You block Crazy Yiuf's attack.
You feel better.
Crazy Yiuf glowers.
Crazy Yiuf barely misses you.
You hit Crazy Yiuf.
Crazy Yiuf is moderately wounded.
Crazy Yiuf barely misses you.
You hit Crazy Yiuf.
Crazy Yiuf is heavily wounded.
Crazy Yiuf cries, "You leg down broken song, no?"
Crazy Yiuf barely misses you. x2
Your scale mail prevents you from hitting Crazy Yiuf.
Crazy Yiuf is heavily wounded.
Crazy Yiuf barely misses you.
You hit Crazy Yiuf.
Crazy Yiuf is severely wounded.
You block Crazy Yiuf's attack.
Crazy Yiuf hits you with a +4 quarterstaff of chaos!
You are electrocuted!!
You closely miss Crazy Yiuf.
Crazy Yiuf is severely wounded.
Crazy Yiuf hits you with a +4 quarterstaff of chaos.
* * * LOW HITPOINT WARNING * * *
You feel drained.
* * * LOW HITPOINT WARNING * * *
Okay, then.
You hit Crazy Yiuf.
Crazy Yiuf is almost dead.
You block Crazy Yiuf's attack. Crazy Yiuf hits you but does no damage.
You are electrocuted!!
You die...

#......... #.######## ########
#.# # .......# #.########
.....#.# #....))..#
P....#.###♣♣♣♣♣ ########.#
###..#...#.)♣)♣♣♣ ### #.........
..#..#......)♣))♣#)))#
#)..##.#.#
[.'..#......♣♣♣♣@g)).#
#†.(##.#.# ###).....#.♣♣ ♣♣#)))#
#...#.<#.. ........##♣♣ ###
#+#.##.#.# ........# #.#().....
##....#.# #.#.##.#.#
#....############# ##.#.#.....
#(............#..#####....##.#.#
#.......#####.#...........#.....
#####...# #.##.#####....##.#.#


You could see Crazy Yiuf.

Vanquished Creatures
  An ogre (D:3)
  A jelly (D:3)
  Natasha (thrice) (D:3)
  3 adders (D:2)
  4 gnolls (D:3)
  4 worms
  2 orcs (D:3)
  6 ball pythons
  9 bats
  8 endoplasms
  3 giant cockroaches
  5 goblins
  8 hobgoblins
  13 kobolds
  4 quokkas
  2 frilled lizards
  4 rats
80 creatures vanquished.

Vanquished Creatures (others)
  A plant (D:3)
1 creature vanquished.

Grand Total: 81 creatures vanquished

Notes
Turn   | Place    | Note
-------+----------+-------------------------------------------
     0 | D:1      | Hakkon the Human Fighter began the quest for the Orb.
     0 | D:1      | Reached XP level 1. HP: 18/18 MP: 1/1
    41 | D:1      | Reached XP level 2. HP: 14/24 MP: 2/2
   400 | D:1      | Reached XP level 3. HP: 17/29 MP: 3/3
  1095 | D:2      | Reached XP level 4. HP: 35/35 MP: 4/4
  1575 | D:2      | Reached skill level 1 in Dodging
  1883 | D:3      | Noticed Natasha
  2014 | D:3      | Reached XP level 5. HP: 37/41 MP: 5/5
  2024 | D:3      | Reached skill level 1 in Throwing
  2036 | D:3      | Noticed an ogre
  2042 | D:3      | Killed an ogre
  2122 | D:3      | Killed Natasha
  2123 | D:3      | Reached XP level 6. HP: 46/47 MP: 6/6
  2133 | D:3      | Noticed Natasha
  2137 | D:3      | Killed Natasha
  2163 | D:3      | Noticed Natasha
  2175 | D:3      | Killed Natasha
  2269 | D:3      | Found a faded altar of an unknown god.
  2610 | D:3      | Found a runed translucent door.
  2611 | D:3      | Noticed Crazy Yiuf
  2629 | D:3      | Mangled by Crazy Yiuf

Illustrated notes

Levels and vault maps discovered:
D:1:      dpeg_arrival_connections, layout_basic, minivault_27,
          minmay_misc_feat_diagonals, moated_statue
D:2:      layout_basic, grunt_ministairs_8
D:3:      minmay_chambers_of_twos, layout_basic,
          hellmonk_ecumenical_altar_pennies_from_heaven, minivault_25,
          st_stairs_10, corexii_shack, uniq_crazy_yiuf_cottage, uniq_natasha

Skill      XL: |  1  2  3  4  5  6 |
---------------+-------------------+-----
Dodging        | 1 2 |  2.7
Throwing       | 1 2 |  2.0
Axes           | 3 |  3.6
Fighting       | |  3.7
Armour         | |  3.9
Stealth        | |  0.2
Shields        | |  3.6

Action                   |  1- 3 |  4- 6 || total
-------------------------+-------+-------++-------
Melee: War axe           |    90 |   113 ||   203
Throw: Boomerang         |    15 |    64 ||    79
Evoke: Wand              |       |     3 ||     3
  Use: Scroll            |     2 |     8 ||    10
       Potion            |       |     8 ||     8
Armor: Scale mail        |    48 |    31 ||    79
Dodge: Dodged            |    28 |    44 ||    72
Block: Kite shield       |    54 |    70 ||   124
